Cool Beans, chaotic female elven Wizard ---- ---------..--- |.`.`....`...--- |.......|`..`..| ---------|.....`| |.^^^^^^<|.%....| |@^--------.----- --f.T....|`....| |..|*)>.......| ---|....|.`...| ------------ Cool Beans the Thaumaturge Experience level: 8 Strength: 12 Dexterity: 9 Constitution: 14 Intelligence: 18 Wisdom: 21 Charisma: 6 Health: 38(56) Energy: 142(142) Def: 6 Gold: 0 Moves: 6235 Dungeon seed: KT7p1S2jYkrfnxwg Game ID: Cool Beans_1516645305 Your Inventory: Weapons a - a blessed +1 quarterstaff (weapon in hands) Armor e - an uncursed +0 cloak of magic resistance (being worn) q - an uncursed +0 pair of water walking boots (being worn) N - an uncursed +0 studded leather armor (being worn) Y - an uncursed +0 elven leather helm (being worn) Comestibles u - 2 uncursed cram rations A - an uncursed lizard corpse P - an uncursed carrot Z - 6 uncursed lembas wafers Scrolls J - an uncursed scroll of remove curse Q - an uncursed scroll of earth Spellbooks b - a blessed spellbook of force bolt H - an uncursed spellbook of sleep S - an uncursed spellbook of magic missile Potions g - an uncursed potion of restore ability C - an uncursed potion of booze I - an uncursed potion of gain ability L - an uncursed potion of oil V - a blessed potion of gain energy W - 2 uncursed potions of gain energy Rings r - an uncursed ring of poison resistance (on left hand) E - a cursed -3 ring of gain constitution Wands m - an uncursed wand of magic missile (0:7) s - an uncursed wand of enlightenment (0:13) F - an uncursed wand of polymorph (0:3) O - an uncursed wand of create monster (0:11) Gems y - an uncursed agate Spells and supernatural/magical abilities: Name Level Category Fail Memory a - force bolt 1 attack 0% 86% d - dig 2 matter 0% 96% k - knock 1 matter 0% 95% m - magic missile 2 attack 0% 100% w - wizard lock 2 matter 0% 75% z - sleep 2 enchantment 0% 96% I - identify 3 divination 55% 87% V - teleportitis -- ability ? -- W - pray for help -- divine ? -- Your skills at the end: Miscellaneous Skills wands [Basic] stealth [Basic] Weapon Skills quarterstaff [Basic] Spellcasting Skills attack spells [Skilled] enchantment spells [Basic] matter spells [Basic] Final Attributes: You were piously aligned. You were sleep resistant. You were poison resistant. You were magic-protected. Your writing hand was cramped from overuse. You were telepathic. You had infravision. You were stealthy. You could teleport. You could walk on water. You were unlucky. You survived. Vanquished creatures: a hill giant 2 small mimics a tiger a leocrotta a black light 3 leprechauns 3 lizards an iron piercer a Green-elf 2 housecats 2 ravens a plains centaur a snake a rope golem a yellow light a quasit an orc shaman a rock mole 2 rock piercers a pony a violet fungus 2 gnome lords a straw golem a giant ant 3 floating eyes 2 kittens 2 dwarves a homunculus 2 iguanas a rabid rat a centipede a giant bat a werejackal a gas spore an acid blob 6 geckos a hobgoblin 3 giant rats 2 cave spiders 2 yellow molds a red mold 3 garter snakes 3 manes a gnome zombie 3 jackals 8 newts 2 goblins a sewer rat 5 grid bugs a bat 8 lichens 99 creatures vanquished. Voluntary challenges: You did not cause conflict. You were not invisible. You did not have reflection. You were not displaced. You were an atheist. You used a wielded weapon 36 times, starting on turn 110. You did not apply a unicorn horn. You did not use plumbed fixtures. You read items or engraved 43 times, starting on turn 903. You never genocided any monsters. You never polymorphed an object. You never changed form. You cheated in Sokoban 1 time, without finishing. You used no wishes. You never split a pudding. You wrote Elbereth's name 5 times, starting on turn 1353. You violated your moral code, losing 1 point of alignment, starting on turn 4326. Dungeon overview: The Dungeons of Doom: levels 1 to 10 Level 1 a long staircase Level 2 a general store, a fountain a long staircase Level 3 Level 4 Level 5 Level 6 Level 7 Level 8 Level 9 many fountains Level 10 stairs to Sokoban Sokoban: Level 9 <- You were here a magic chest stairs to The Dungeons of Doom History has recorded: On T:1 you entered the Dungeons of Doom to retrieve the Amulet of Yendor! On T:1022 you advanced to experience level 2. On T:1126 you reached level 2 of The Dungeons of Doom. On T:1317 you advanced to experience level 3. On T:1444 you advanced to experience level 4. On T:1795 you reached level 3 of The Dungeons of Doom. On T:2368 you reached level 4 of The Dungeons of Doom. On T:2433 you advanced to experience level 5. On T:2876 you reached level 5 of The Dungeons of Doom. On T:3592 you reached level 6 of The Dungeons of Doom. On T:3842 you reached level 7 of The Dungeons of Doom. On T:3943 you advanced to experience level 6. On T:4224 you reached level 8 of The Dungeons of Doom. On T:5076 you reached level 9 of The Dungeons of Doom. On T:5208 you advanced to experience level 7. On T:5405 you received advice from The Oracle. On T:5405 you advanced to experience level 8. On T:5537 you received advice from The Oracle. On T:5538 you received advice from The Oracle. On T:5539 you received advice from The Oracle. On T:5540 you received advice from The Oracle. On T:5906 you reached level 10 of The Dungeons of Doom. On T:6004 you reached level 4 of Sokoban. On T:6221 you opened a magic chest. Score breakdown: Gold: 0 ( 0 points) Experience: 8 levels ( 700 points) Exploration: 10 levels ( 270 points) Discoveries: 39 items ( 1950 points) Variety of kills: 51 monsters ( 2000 points) Major goal: (nothing yet) ( 0 points) Survival: quit (score multiplied by 3) Total score: 14760 Latest messages: Hello Cool Beans, the elven Wizard, welcome back to NetHack! Final status: Goodbye Cool Beans the Wizard, quit... You quit in Sokoban on dungeon level 9 with 14760 points, and 0 pieces of gold, after 6235 moves. You were level 8 with a maximum of 56 hit points when you quit.